[Event "FIDE WY-U16 Olympiad 2022"]
[Site "Nakhchivan"]
[Date "2022.10.02"]
[Round "1.15"]
[White "Zhao, Jeffrey Renfei"]
[Black "Suleymanli, Suleyman"]
[Result "1/2-1/2"]
[ECO "C11"]
[WhiteElo "1807"]
[BlackElo "2304"]
[Annotator "TA"]
[PlyCount "124"]
[EventDate "2022.10.02"]
[EventType "team-tourn"]
[EventCountry "AZE"]
[SourceTitle "playchess.com"]
[Source "ChessBase"]
[SourceQuality "1"]
[WhiteTeam "Canada"]
[BlackTeam "Azerbaijan"]
[WhiteTeamCountry "CAN"]
[BlackTeamCountry "AZE"]
[TimeControl "40/5400+30:1800+30"]

1. e4 e6 2. d4 d5 3. Nc3 Nf6 4. e5 Nfd7 5. f4 c5 6. Nf3 Nc6 7. Be3 cxd4 8. Nxd4 Bc5 9. Qd2 a6 10. O-O-O Nxd4 11. Bxd4 Qc7 {[%emt 0:01:06] C11: French: Classical System: 4 e5 and 4 Bg5 dxe4.} 12. Qf2 b5 13. Bd3 Bb7 {[%emt 0:10:51] [#]} 14. Kb1 $146 ({Predecessor:} 14. Rhe1 Bxd4 15. Qxd4 Qa5 16. Kb1 b4 17. Ne2 Nc5 18. f5 exf5 19. Bxf5 O-O 20. Qh4 {1-0 (42) Lyell,M (2220)-Rudakov,A (2209) Budapest 2013}) 14... b4 (14... Bxd4 $11 {keeps the balance.} 15. Qxd4 O-O) 15. Ne2 $16 Bxd4 16. Nxd4 ({Don't play} 16. Qxd4 a5 $11) 16... g6 {[%emt 0:22:57] Prevents f5.} 17. h4 Qb6 18. h5 {[%emt 0:12:10] White is more active.} Rg8 (18... O-O-O $16) 19. Rc1 $18 Qa7 (19... Rc8 {was necessary.} 20. hxg6 hxg6) 20. g4 Qb6 21. hxg6 hxg6 22. Rh7 Nf8 23. Rxf7 Kxf7 $14 24. f5 $1 gxf5 25. gxf5 Ke8 $1 {[%emt 0:00:31] And now ...exf5 would win.} 26. fxe6 Nxe6 27. Qf6 {[%emt 0:00:42] Really sharp!} Rf8 28. Qxe6+ Qxe6 29. Nxe6 Ke7 30. Nxf8 Rxf8 $16 {[%emt 0:00:05][%mdl 4096] Endgame KRB-KRB} 31. Re1 ({Better is} 31. Rg1 $16) 31... Bc8 32. Kc1 (32. Rh1 $16) 32... a5 33. Kd2 Rf3 (33... Ke6 $11) 34. Rg1 Rh3 35. Rg8 Bd7 36. Ra8 a4 37. Rb8 $1 b3 $2 (37... Ke6 $16) 38. axb3 $18 axb3 39. Rxb3 Rh5 40. Ke3 {[%emt 0:01:01] Kd4 is the strong threat.} Ke6 41. Rb7 Rh4 42. c3 Bc8 43. Rc7 Bd7 {[%emt 0:00:00] [#]} 44. b4 $1 Ba4 45. Ra7 Bb3 {[%emt 0:00:00] [#]} (45... Bd1 {was worth a try.} 46. b5 Kxe5) 46. b5 $1 Bc4 $2 (46... Kxe5 47. b6 Rh3+ 48. Kd2 Rh2+ 49. Kc1 Rh8) 47. Bxc4 {[%emt 0:02:13] Strongly threatening Be2.} Rxc4 {[%emt 0:00:00] KR-KR} 48. Ra3 (48. Kd3 $142 {aiming for b6.} Kxe5 49. Rg7) 48... Rc7 (48... Re4+ $18 49. Kd3 Rxe5) 49. Rb3 Kxe5 50. b6 Rb7 51. Rb5 Kd6 52. Kd4 Kc6 53. Rxd5 $2 (53. Rb1 $18 Kd6 54. Rh1) 53... Rxb6 $11 {[%emt 0:00:00] The position is equal.} 54. Rh5 {[%emt 0:00:14] Threatening mate with Rh6+.} Rb1 55. Rh6+ Kc7 56. Kc5 Rg1 57. c4 Rg5+ 58. Kb4 Kb7 59. c5 Rg1 60. Kb5 Rb1+ 61. Kc4 Kc7 62. Kd5 Rd1+ {[%emt 0:00:00] Black defended with fortune.  Weighted Error Value: White=0.38/Black=0.41} 1/2-1/2

[Event "FIDE WY-U16 Olympiad 2022"]
[Site "Nakhchivan"]
[Date "2022.10.02"]
[Round "1.16"]
[White "Gasimova, Samra"]
[Black "Jiang, Kate Yuhua"]
[Result "0-1"]
[ECO "D11"]
[WhiteElo "1902"]
[BlackElo "1670"]
[Annotator "TA"]
[PlyCount "118"]
[EventDate "2022.10.02"]
[EventType "team-tourn"]
[EventCountry "AZE"]
[SourceTitle "playchess.com"]
[Source "ChessBase"]
[SourceQuality "1"]
[WhiteTeam "Azerbaijan"]
[BlackTeam "Canada"]
[WhiteTeamCountry "AZE"]
[BlackTeamCountry "CAN"]
[TimeControl "40/5400+30:1800+30"]

1. d4 d5 2. c4 c6 3. Nf3 Nf6 4. e3 e6 5. b3 Nbd7 6. Bd3 Bd6 7. Bb2 O-O {[%emt 0:01:22] 7...b6 is the fancy move. A06: Réti Opening: 1 Nf3 d5.} 8. Nbd2 Qc7 9. c5 Be7 {[%emt 0:00:03] The position is equal.} 10. Qc2 b6 11. b4 a5 12. a3 Ba6 13. O-O Bxd3 14. Qxd3 {[%emt 0:00:05] [#]} Ra7 $146 ({Predecessor:} 14... Rfb8 15. Bc3 Ra7 16. Rfb1 axb4 17. axb4 Rba8 18. Rxa7 Rxa7 19. Qc2 Ra6 20. Qb2 Qa7 {1-0 (90) Shoshin,K (2030)-Agkatsev,A (1550) Moscow 2021}) 15. h3 Rfa8 16. Qb3 Ne8 17. e4 dxe4 18. Nxe4 b5 (18... Ndf6 $142 19. bxa5 bxc5 20. Nxc5 Bxc5 21. dxc5 Rxa5) 19. Rae1 Ndf6 20. Nc3 Qb7 21. Ne5 Nc7 22. f4 axb4 23. axb4 Nfd5 24. f5 Nxc3 25. Qxc3 Nd5 26. Qg3 ({Don't play} 26. Qf3 exf5 27. Qxf5 Bf6 $17) (26. Qb3 $11) 26... exf5 $1 $15 27. Rxf5 f6 28. Nd3 Qd7 29. Rff1 Ra4 (29... Bd8 $17) 30. Bc1 (30. Re2 $11 {keeps the balance.}) 30... Nxb4 $17 31. Nf4 {[%emt 0:00:21] [#]} Bf8 $1 {[%emt 0:03:02] White must now prevent ...Nc2.} 32. Nh5 {[%emt 0:00:26] [#]} (32. Qb3+ $17 Qf7 33. Re6) 32... Kh8 $1 $36 {[%emt 0:00:53][%mdl 2048] Strongly threatening ...Nc2. White is under strong pressure.} (32... Qxd4+ 33. Be3 Qc3 34. Nxf6+ Kh8 35. Nd7 $11) 33. Re4 Na2 ({Wrong is} 33... Nc2 $2 34. Qd3 Nxd4 35. Kh1 $19) (33... Qd5 $19 34. Rh4 Ra1) 34. Rg4 (34. Bb2 $17 Nb4 35. Nf4) 34... Nxc1 35. Rxc1 Rxd4 36. Nxf6 Rxg4 ({Weaker is} 36... Rd1+ 37. Kh2 Qd3 38. Rxd1 Qxd1 39. Qh4 $17) 37. Nxg4 Qd4+ 38. Qf2 Qxf2+ 39. Kxf2 {[%emt 0:00:14][%mdl 4096] Endgame KRB-KRN} Re8 {[%emt 0:00:40] Inhibits Ne5.} 40. Kf3 Kg8 41. Kf4 Re6 42. h4 Kf7 43. Ne5+ Ke8 44. Ra1 $2 {[%emt 0:00:42] White does not recover from this.} (44. g4 $17) 44... Bxc5 {[%emt 0:00:00] And now ...Bd6 would win.} 45. Nd3 Bd4 46. Ra6 Kd7 {[%emt 0:00:00] Black is clearly winning.} 47. g4 Kd6 48. g5 Kd5 {[%emt 0:00:00] Threatens to win with ...Re4+.} 49. h5 g6 {[%emt 0:00:00] ...Re4+ is the strong threat.} 50. Nb4+ Kc5 51. Nc2 Be5+ 52. Kg4 Re7 {[%emt 0:00:00] Prevents Ra7.} 53. hxg6 hxg6 54. Ne1 Rd7 {[%emt 0:00:00] Against Nd3+} 55. Nf3 Bc7 56. Nh4 Rd4+ 57. Kh3 Rd3+ (57... Ra4 $142 58. Rxa4 bxa4) 58. Kg2 Rg3+ 59. Kf2 Rxg5 {[%emt 0:00:00] Weighted Error Value: White=0.33/Black=0.13 (very precise)} 0-1

[Event "FIDE WY-U16 Olympiad 2022"]
[Site "Nakhchivan"]
[Date "2022.10.02"]
[Round "1.16"]
[White "Fawaz, Nadia"]
[Black "Diaz Bartolo, Elizabeth Schahrazad"]
[Result "0-1"]
[ECO "A48"]
[WhiteElo "1500"]
[BlackElo "1681"]
[Annotator "NA RC COMBH"]
[PlyCount "104"]
[EventDate "2022.10.02"]
[EventType "team-tourn"]
[EventCountry "AZE"]
[SourceTitle "playchess.com"]
[Source "ChessBase"]
[SourceQuality "1"]
[WhiteTeam "Lebanon"]
[BlackTeam "Mexico"]
[WhiteTeamCountry "LBN"]
[BlackTeamCountry "MEX"]
[TimeControl "40/5400+30:1800+30"]

1. d4 Nf6 2. Bf4 g6 3. Nf3 Bg7 4. e3 O-O 5. Bd3 d6 6. O-O Nbd7 7. Nbd2 Qe8 8. Bg3 e5 9. dxe5 dxe5 10. Bb5 Nh5 11. Nc4 Nxg3 12. hxg3 Qe7 13. Bxd7 Rd8 14. Qe2 Bxd7 15. Rfd1 Bb5 16. Nfd2 e4 17. a4 Ba6 18. Rab1 Qb4 19. b3 f5 20. g4 Bc3 21. gxf5 gxf5 22. Nf1 Qc5 23. Qh5 Rd5 24. Rxd5 Qxd5 25. Rd1 Qe6 26. Ng3 Rf8 27. Qg5+ Qg6 28. Qe7 Rf7 29. Rd8+ Kg7 30. Qe8 Kh6 31. Ne5 Bxe5 32. Qxe5 Qf6 33. Qf4+ Qg5 34. Qe5 Qxd8 35. Nxf5+ Rxf5 36. Qxf5 Qd1+ 37. Kh2 Qh5+ 38. Qxh5+ Kxh5 39. Kg3 Kg5 40. c4 b6 41. f4+ exf3 42. gxf3 Bc8 43. e4 Be6 44. f4+ Kf6 45. Kh4 c6 46. Kh5 b5 47. axb5 cxb5 48. cxb5 Bxb3 49. Kh6 Bc4 50. Kxh7 Bxb5 51. e5+ Kf5 52. Kg7 Bc4 0-1

[Event "FIDE WY-U16 Olympiad 2022"]
[Site "Nakhchivan"]
[Date "2022.10.02"]
[Round "1.17"]
[White "Kilic, Eray"]
[Black "Southcott-Moyers, Indy"]
[Result "1-0"]
[ECO "C95"]
[WhiteElo "2428"]
[BlackElo "1952"]
[Annotator "TA"]
[PlyCount "102"]
[EventDate "2022.10.02"]
[EventType "team-tourn"]
[EventCountry "AZE"]
[SourceTitle "playchess.com"]
[Source "ChessBase"]
[SourceQuality "1"]
[WhiteTeam "Turkey"]
[BlackTeam "England"]
[WhiteTeamCountry "TUR"]
[BlackTeamCountry "ENG"]
[TimeControl "40/5400+30:1800+30"]

1. e4 e5 2. Nf3 Nc6 3. Bb5 a6 4. Ba4 Nf6 5. O-O Be7 6. Re1 b5 7. Bb3 d6 8. c3 O-O 9. h3 Nb8 10. d4 Nbd7 11. Nbd2 Bb7 12. Bc2 Re8 13. Nf1 Bf8 14. Ng3 g6 15. Nh2 d5 {[%emt 0:17:38] C95: Closed Ruy Lopez: Breyer Variation with 10 d4.} 16. dxe5 Nxe4 17. Nxe4 (17. Bf4 {feels hotter.} Nxe5 18. Nxe4 dxe4 19. Bxe4 Bxe4 20. Rxe4 Nc4 21. Rxe8 Qxd1+ 22. Rxd1 Rxe8 23. Ng4) 17... dxe4 {[%emt 0:00:02] The position is equal.} 18. Bxe4 Bxe4 19. Rxe4 {[%emt 0:00:02] [#] Black must now prevent Rd4.} Nxe5 (19... Rxe5 20. Rd4 Qe8 21. Bf4 $14) 20. Bf4 Qxd1+ 21. Rxd1 Nc4 22. Rxe8 Rxe8 {[%emt 0:00:01] [#]} 23. Ng4 $146 ({Predecessor:} 23. b3 Nd6 24. Nf3 Re2 {½-½ (24) Matviishen,V (2423)-Nasuta,G (2491) Suwalki 2018}) 23... Bg7 {[%emt 0:04:51] Prevents Nf6+.} 24. b3 $36 {[%emt 0:01:58][%mdl 2048] White has some pressure.} h5 25. bxc4 {[%emt 0:10:41] Strongly threatening Ne3.} hxg4 $11 {[%emt 0:00:02][%mdl 4096] Endgame KRB-KRB} 26. c5 c6 27. Rd6 (27. hxg4 $5 Bxc3 28. f3 $11) 27... Rc8 28. hxg4 Bf8 {[%emt 0:00:43] [#]} (28... Bxc3 $11 29. Kf1 Re8) 29. Bg5 $1 $16 {[%emt 0:00:42] White now steadily converts the win.} Rc7 (29... Bxd6 $2 30. cxd6 Kg7 31. d7 $18) 30. Rd8 Kg7 {[%emt 0:00:18] Prevents Bh6+.} 31. Bf4 Re7 32. Be3 {[%emt 0:00:08] And now g5 would win. White is more active.} Re6 (32... f6 $16 33. Rc8 Re6 34. Rc7+ Be7) 33. Bd4+ $18 f6 34. Ra8 Kf7 35. Rxa6 Be7 36. g3 Ke8 37. Kg2 Bd8 38. Ra7 Re7 39. Ra8 Re6 40. Be3 Kd7 41. Ra7+ Ke8 42. Kf3 {[%emt 0:05:06] Against Re4} Be7 43. Ra8+ Kd7 44. c4 b4 (44... bxc4 {keeps fighting.} 45. Ra4 c3) 45. Rb8 Re5 46. Bd4 ({Don't play} 46. Rxb4 Bxc5 47. Rb7+ Ke8 $18) 46... Rg5 (46... Re1 {was called for.} 47. Rxb4 Kc8) 47. Rxb4 {[%emt 0:00:38] aiming for Rb7+.} f5 48. Rb7+ Kd8 $2 (48... Ke8 49. Ke3 fxg4) 49. gxf5 {[%emt 0:00:00] White is clearly winning.} ({Not} 49. Rb8+ Kc7 50. Rg8 (50. Be5+ Kd7 $16) 50... Bxc5 $18) 49... Rxf5+ 50. Ke4 Bxc5 51. g4 Rg5 {[%emt 0:00:00] Weighted Error Value: White=0.12 (very precise) /Black=0.42} 1-0

[Event "FIDE WY-U16 Olympiad 2022"]
[Site "Nakhchivan"]
[Date "2022.10.02"]
[Round "1.17"]
[White "Cheng, Justin Hong-Chen"]
[Black "Orozbaev, Eldiar"]
[Result "1/2-1/2"]
[ECO "E06"]
[WhiteElo "1843"]
[BlackElo "2369"]
[Annotator "TA"]
[PlyCount "139"]
[EventDate "2022.10.02"]
[EventType "team-tourn"]
[EventCountry "AZE"]
[SourceTitle "playchess.com"]
[Source "ChessBase"]
[SourceQuality "1"]
[WhiteTeam "Hong Kong"]
[BlackTeam "Kyrgyzstan"]
[WhiteTeamCountry "HKG"]
[BlackTeamCountry "KGZ"]
[TimeControl "40/5400+30:1800+30"]

1. d4 Nf6 2. Nf3 e6 3. c4 d5 4. g3 Be7 5. Bg2 O-O 6. O-O c6 7. Qc2 b6 8. Nbd2 Bb7 9. e4 Na6 10. Rd1 {[%emt 0:08:51] E06: Closed Catalan: Early deviations.} Rc8 11. b3 Rc7 12. Ne5 Qa8 13. Bb2 {[%emt 0:05:03] [#]} Rd8 $146 ({Predecessor:} 13... c5 14. exd5 exd5 15. Qf5 Qc8 16. Qxc8 Rfxc8 17. cxd5 Bxd5 18. Ndc4 cxd4 19. Rxd4 Bxg2 20. Kxg2 {½-½ (40) Kustar,S (2335)-Kovalyov,A (2557) Calgary 2009}) 14. Rac1 c5 15. dxc5 Bxc5 (15... Nb4 $15 16. Qb1 dxe4) 16. exd5 $14 exd5 17. Qf5 Qc8 18. Qxc8 {[%emt 0:07:38] White is more active.} Rcxc8 19. cxd5 Bxd5 20. Bxd5 Rxd5 21. Ndc4 Nc7 22. Rxd5 Nfxd5 23. Rd1 Re8 24. Nd3 Bf8 25. Re1 Ne6 26. Ba3 Bxa3 27. Nxa3 Nc3 28. Nc4 b5 29. Ne3 Rd8 30. Ne5 Nd4 {[%emt 0:00:45] aiming for ...f6.} 31. Kg2 f6 ({Don't play} 31... Nxa2 32. Ra1 f6 33. Nf3 Nxf3 34. Rxa2 $11) 32. Nf3 Nxf3 ({But not} 32... Nxa2 33. Ra1 Nxf3 34. Rxa2 $11) 33. Kxf3 Nxa2 $15 {[%emt 0:00:13][%mdl 4096] Endgame KRN-KRN} 34. Nf5 Rd7 35. Ra1 (35. Re6 $15) 35... Nc3 (35... Nb4 $17 36. Rc1 Kf7) 36. Ra5 g6 37. Ne3 Kf7 38. Ra6 Nb1 {[%emt 0:03:19] White must now prevent ...Nd2+.} 39. Ng4 (39. Kg2 $15) 39... Nd2+ $19 40. Kg2 Nxb3 41. Nxf6 Rc7 (41... Nc5 $19 42. Rc6 Rb7) 42. Nxh7 $17 {[%emt 0:00:13] [#]} Nc5 $1 43. Ng5+ Kg7 44. Ra5 Rb7 45. Nf3 Ne6 ({Black should play} 45... a6 $15) 46. Ra6 $11 Nc7 47. Rc6 ({Better is} 47. Rd6 $11) 47... b4 (47... a5 $1 $15 48. Ne5 a4 49. Rxg6+ Kh7) 48. Nd4 Kf7 49. Kf3 $2 (49. Nb3 $11 {and White has nothing to worry.}) 49... b3 $19 50. Nxb3 Rxb3+ {[%emt 0:00:04] KRN-KR} 51. Kg4 Nd5 52. Ra6 Nf6+ 53. Kg5 (53. Kh4 $17) 53... Rb5+ 54. Kf4 Rb7 (54... Rf5+ $19 55. Ke3 Ng4+ 56. Kd4 Nxf2 57. Rxa7+ Kf6 58. Ra6+ Kg5 59. h4+ Kh6) 55. h4 Nd7 (55... Kg7 $142 56. Ra5 Rc7) 56. Kg5 $17 Nf8 57. f4 ({White should try} 57. Kh6 $15) 57... Nh7+ 58. Kg4 (58. Kh6 $17 Nf6 59. Ra5) 58... Nf6+ $19 59. Kf3 (59. Kh3 {was forced.}) 59... Nd7 $2 (59... Rb3+ $19 {has better winning chances.} 60. Kg2 Ne4 61. Rxa7+ Kf6 62. Ra6+ Kg7) 60. g4 {[%emt 0:00:38] [#]} Nc5 (60... Nb8 $142 $1 61. Ra5 Nc6) 61. Ra5 $17 Ne6 62. f5 gxf5 63. Rxf5+ Ke7 {[%emt 0:00:30] ( -> ...Nd4+)} 64. Ra5 Nd4+ 65. Kf4 Nc6 66. Ra6 Kd6 (66... Rb6 $15 67. Rxb6 axb6) 67. h5 $11 {[%emt 0:00:39] The position is equal.} Rc7 68. h6 {[%emt 0:00:00] Hoping for Kf5.} Ke6 69. h7 Rxh7 {[%emt 0:00:00] And now ...Kd5 would win.} 70. Rxc6+ {[%emt 0:00:00] White happily takes the draw.  Weighted Error Value: White=0.30/Black=0.22 (precise)} 1/2-1/2

[Event "FIDE WY-U16 Olympiad 2022"]
[Site "Nakhchivan"]
[Date "2022.10.02"]
[Round "1.18"]
[White "Zhakshylykov, Erzhan"]
[Black "Li, Yiheng"]
[Result "1-0"]
[ECO "E63"]
[WhiteElo "2293"]
[BlackElo "1766"]
[Annotator "TA"]
[PlyCount "79"]
[EventDate "2022.10.02"]
[EventType "team-tourn"]
[EventCountry "AZE"]
[SourceTitle "playchess.com"]
[Source "ChessBase"]
[SourceQuality "1"]
[WhiteTeam "Kyrgyzstan"]
[BlackTeam "Hong Kong"]
[WhiteTeamCountry "KGZ"]
[BlackTeamCountry "HKG"]
[TimeControl "40/5400+30:1800+30"]

1. d4 Nf6 2. c4 g6 3. Nf3 Bg7 4. g3 O-O 5. Bg2 d6 6. O-O Nc6 7. Nc3 a6 8. d5 {[%emt 0:02:06] 8.Bf4 is setting a new trend.} Na5 9. b3 Ne4 {[%emt 0:04:32] [#] E63: King's Indian: Fianchetto: Panno Variation with 7...a6.} 10. Nxe4 $1 $16 {[%emt 0:00:19][%cal Bc3e4,Be4d2,Bd2c4][%mdl 32] Threatens to win with Rb1.} Bxa1 {[%emt 0:00:08] [#]} 11. Bd2 $1 {[%emt 0:00:16][%csl LRa1,LRa5] White is more active.} Nxc4 {[%emt 0:02:20] White is clearly better.} 12. Qxa1 Nxd2 13. Nexd2 {[%emt 0:00:06] [#]} Bd7 $146 (13... e6 $16 14. dxe6 fxe6) ({Predecessor:} 13... e5 14. dxe6 fxe6 15. Qc3 c6 16. Ne4 d5 17. Nc5 b6 18. Nd3 c5 19. h4 Qf6 20. Qxf6 Rxf6 {1-0 (40) Franciskovic,B (2310)-Schaffert,W (2027) Pula 2014}) 14. Nd4 $18 a5 15. a4 $40 {[%emt 0:08:18][%mdl 128] Black is in trouble.} Rc8 16. Rc1 {[%emt 0:02:06] Against c6} f6 17. h4 Qe8 18. Nc4 b6 19. Qc3 Rf7 20. Na3 Rg7 21. Nab5 Bxb5 22. axb5 Qd7 23. Ne6 Rf7 24. Qc6 Qxc6 25. Rxc6 ({Weaker is} 25. bxc6 f5 26. e4 fxe4 $18) 25... f5 26. Nxc7 Rb8 (26... Rff8 $142 27. Ne6 Rfe8 28. Rxb6 Rb8) 27. Ne6 {[%emt 0:00:30] White is clearly winning.} Rf6 28. Rc7 Rf7 29. e4 fxe4 30. Bxe4 Kh8 31. Kg2 Kg8 32. f4 Kh8 33. g4 Kg8 34. Kg3 Kh8 35. g5 Kg8 36. Bf3 Kh8 37. h5 Kg8 38. hxg6 hxg6 39. Be4 Kh7 40. Rc1 {[%emt 0:00:22] White took control after the opening.  Weighted Error Value: White=0.24 (precise) /Black=0.61} 1-0

[Event "FIDE WY-U16 Olympiad 2022"]
[Site "Nakhchivan"]
[Date "2022.10.02"]
[Round "1.18"]
[White "Pal, Rohan"]
[Black "Celik, Hasan Huseyin"]
[Result "0-1"]
[ECO "C15"]
[WhiteElo "1913"]
[BlackElo "2323"]
[Annotator "TA"]
[PlyCount "98"]
[EventDate "2022.10.02"]
[EventType "team-tourn"]
[EventCountry "AZE"]
[SourceTitle "playchess.com"]
[Source "ChessBase"]
[SourceQuality "1"]
[WhiteTeam "England"]
[BlackTeam "Turkey"]
[WhiteTeamCountry "ENG"]
[BlackTeamCountry "TUR"]
[TimeControl "40/5400+30:1800+30"]

1. e4 e6 2. d4 d5 3. Nc3 Bb4 4. Bd3 dxe4 5. Bxe4 Nf6 6. Bf3 O-O 7. Nge2 c5 8. Be3 {[%emt 0:05:55] C15: French: 3 Nc3 Bb4: Unusual White 4th moves.} cxd4 9. Qxd4 Qxd4 10. Bxd4 {[%emt 0:00:37] The position is equal.} Nc6 11. Bxf6 gxf6 {[%emt 0:00:01] [#]} 12. Bxc6 $146 ({Predecessor:} 12. O-O e5 13. a3 Bxc3 14. Nxc3 Be6 15. Ne4 f5 16. Nc5 Bc4 17. Rfe1 e4 18. Be2 Bxe2 19. Rxe2 {1-0 (78) Berger,J (1707)-Unbehend,M (1556) Playchess.com INT 2020}) 12... bxc6 13. O-O-O e5 14. a3 Be7 15. Rhe1 Be6 16. g4 h5 17. h3 ({White should play} 17. gxh5 $11 Kh7 18. Ng3) 17... hxg4 18. hxg4 Rad8 19. f3 Kg7 20. Ng3 Kg6 21. Rxd8 Rxd8 22. Rh1 Bc5 23. Nce4 Be3+ 24. Kb1 f5 25. gxf5+ Bxf5 26. Nxf5 Kxf5 $15 {[%emt 0:00:10][%mdl 4096] Endgame KRB-KRN} 27. Rh4 Ke6 {[%emt 0:07:10] Black is more active.} 28. b4 Rd1+ 29. Ka2 Rf1 {[%emt 0:00:31] [#] White must now prevent ...f5.} (29... f5 $5 30. Nc3 Re1 $17) 30. Rh3 f5 31. Nc3 e4 32. fxe4 f4 33. Rh6+ Ke5 {[%emt 0:11:37] And now ...f3 would win.} 34. Rh5+ Kd4 35. Ne2+ {[%emt 0:01:13][%mdl 8192] [#]} ({White must play} 35. Kb3 $15 Bd2 36. Rh7 Bxc3 37. Rd7+ Kxe4 38. Kxc3) 35... Kxe4 $2 (35... Kc4 $1 $19 {...f3 is the strong threat.} 36. e5 Rf2 37. Nxf4 Rxf4) 36. Rh6 (36. Nc3+ $15 Kf3 37. Kb3) 36... c5 37. bxc5 (37. Kb3 $142) 37... Bxc5 $17 38. Nxf4 (38. Kb3 $17) 38... Rxf4 {[%emt 0:00:09] KRB-KR} 39. Ra6 $2 (39. Kb3) 39... Kd5 $19 40. Kb3 Bb6 41. c3 Kc6 42. c4 Kc5 43. Ra4 a5 44. Kc3 Rf3+ 45. Kc2 Rf2+ (45... Bd8 $142 46. Kb2 Kb6 47. Kb1 Rf1+ 48. Kc2 Rf2+ 49. Kd3 Ra2 50. Ke4 Be7 51. c5+ Kb5 52. Rd4 Bxc5 53. Rd8 Rxa3 54. Rg8 Re3+ 55. Kd5 a4 56. Ra8 Bb6 57. Rh8 Re2 58. Rh1 a3 59. Rb1+ Rb2 60. Ra1 Rd2+ 61. Ke4 a2 62. Rh1 Bd4 63. Rf1 a1=Q 64. Rxa1 Bxa1 65. Kf3 Rd3+ 66. Kf4 Kc4 67. Ke4 Bh8 68. Kf4 Kd5 69. Kg4 Ke4 70. Kg5 Rg3+ 71. Kh4 Be5 72. Kh5 Kf5 73. Kh4 Rg2 74. Kh5 Rh2#) 46. Kc3 Rf1 {[%emt 0:00:15] ( -> ...Rc1+)} 47. Kb3 Rc1 {[%emt 0:00:06] Black mates.} 48. Kb2 Rxc4 49. Rxc4+ Kxc4 {[%emt 0:00:01] Weighted Error Value: White=0.60/Black=0.16 (very precise)} 0-1

[Event "FIDE WY-U16 Olympiad 2022"]
[Site "Nakhchivan"]
[Date "2022.10.02"]
[Round "1.19"]
[White "Ozkan, Taha"]
[Black "Subramanian, Anusha"]
[Result "1-0"]
[ECO "D17"]
[WhiteElo "2299"]
[BlackElo "1840"]
[Annotator "TA"]
[PlyCount "75"]
[EventDate "2022.10.02"]
[EventType "team-tourn"]
[EventCountry "AZE"]
[SourceTitle "playchess.com"]
[Source "ChessBase"]
[SourceQuality "1"]
[WhiteTeam "Turkey"]
[BlackTeam "England"]
[WhiteTeamCountry "TUR"]
[BlackTeamCountry "ENG"]
[TimeControl "40/5400+30:1800+30"]

1. d4 d5 2. c4 c6 3. Nf3 Nf6 4. Nc3 dxc4 5. a4 Bf5 6. Ne5 e6 7. Nxc4 Bb4 8. a5 {[%emt 0:05:22] D17: Slav Defence: 5 a4 Bf5: Lines with 6 Nh4 and 6 Ne5.} (8. Bg5 $11) 8... Ne4 {[%emt 0:08:25] [#]} 9. Qb3 $146 ({Predecessor:} 9. Bd2 Qxd4 10. e3 Qc5 11. Nxe4 Bxe4 12. Rc1 Ke7 13. Bc3 Nd7 14. Qg4 Nf6 15. Qg3 Rhd8 {0-1 (38) Kutlyarov,A (2113)-Melnikov,S (2063) Ufa 2007}) 9... c5 ({Much less strong is} 9... Qxd4 10. Be3 (10. Qxb4 Na6 $15) 10... Bxc3+ 11. bxc3 Qxc3+ 12. Qxc3 Nxc3 13. Nd6+ (13. Bd4 Nb5 $15) 13... Kf8 14. f3 $11) (9... Qh4 $2 10. g3 Qe7 11. f3 $16) (9... Na6 $5 10. Be3 Nd6 $11) 10. dxc5 $2 (10. Bf4 $11 O-O 11. f3) 10... Nc6 $17 11. Be3 {[%emt 0:10:48][%cal Og2g4] Strongly threatening g4!} Qe7 ({Black should try} 11... O-O $17 {Hoping for ...e5.} 12. Rd1 Qf6) 12. Nd6+ (12. g4 $1 $11 {keeps the balance.} Bg6 13. a6 Nxc5 14. axb7) 12... Nxd6 13. cxd6 Qxd6 14. a6 O-O $36 {[%emt 0:09:20][%mdl 2048] Black has some pressure.} 15. Rd1 $2 ({Better is} 15. g3 $15) 15... Qc7 16. Qc4 (16. g3 $142 Be4 17. f3) 16... Rfd8 $19 17. Rxd8+ Rxd8 18. f4 $2 (18. f3 {was forced.}) 18... b5 19. Qxb5 Nd4 20. Bxd4 Rxd4 21. Qe8+ $2 (21. g3) 21... Bf8 {[%emt 0:00:02] This bishop pair is nice.} 22. e3 Rb4 23. Nd1 Qc1 {[%emt 0:02:51] White must now prevent ...Rxb2.} 24. Be2 Rxb2 25. Qd8 {[%emt 0:00:14] [#] Inhibits Qd2+.} Be4 (25... Rxe2+ $142 $1 26. Kxe2 Qc2+ 27. Kf1 Bd3+ 28. Qxd3 Qxd3+ 29. Kf2 Bc5) 26. Qd4 Rb4 (26... Bb4+ 27. Kf1 Rxe2 $1 28. Qd8+ Bf8 29. Kxe2 Qc2+ 30. Ke1 Bd3 31. Qxd3 Qxd3) 27. Qxa7 $2 (27. Qc3 Qxc3+ 28. Nxc3 Bxg2 29. Rg1) 27... Bxg2 28. Rg1 Bd5 {[%emt 0:01:27] ...Qc6 is the strong threat.} 29. Qd7 Rb2 {[%emt 0:00:53] ( -> ...Qd2+)} 30. Kf2 {[%emt 0:00:33] [#]} Qc2 $4 (30... Rxe2+ $1 31. Kg3 Qc2 32. Qxd5 exd5 33. a7 Qg6+ 34. Kf3 Qh5+ 35. Rg4 Rxh2 36. Nf2 f5 37. a8=Q fxg4+ 38. Ke2 g3+ 39. Kd3 gxf2 40. Kd4 f1=Q 41. Qxd5+ Qxd5+ 42. Kxd5 Rd2+ 43. Kc6 Qa6+ 44. Kc7 Rc2+ 45. Kd8 Qc8#) 31. Nxb2 $18 Qxb2 32. Qb5 Qa2 33. Rc1 {[%emt 0:00:36] aiming for Rc8.} g6 34. Qb8 {[%emt 0:00:42] And now Rc8 would win.} Kg7 35. Qe5+ f6 36. Rc7+ {[%emt 0:00:15] White mates.} Kh6 37. Qxf6 Qa5 38. Qg5# {[%emt 0:00:09] Weighted Error Value: White=1.75/Black=1.04} 1-0